 Dungeon Crawl Stone Soup version 0.27-a0-1359-ga2a4dfd6fd (webtiles) character file.

Game seed: 14995550638609404390

3856 Brandom the Grappler (level 9, -2/92 HPs)
             Began as a Troll Delver on June 28, 2021.
             Was a Priest of Elyvilon.
             Killed from afar by an electric eel (9 damage)
             ... with a bolt of electricity
             ... on level 8 of the Dungeon.
             The game lasted 00:19:17 (7755 turns).

Brandom the Grappler (Troll Delver)                 Turns: 7755, Time: 00:19:17

Health: -2/92      AC:  5    Str: 22    XL:     9   Next: 99%
Magic:  11/11      EV:  9    Int:  6    God:    Elyvilon [***...]
Gold:   249        SH:  9    Dex: 14    Spells: 8/8 levels left

rFire    . . .     SeeInvis .     - Unarmed
rCold    . . .     Faith    .   x - +0 kite shield
rNeg     . . .     Spirit   .   a - +1 robe
rPois    .         Reflect  .   (helmet restricted)
rElec    .         Harm     .   (no cloak)
rCorr    .         Rampage  .   (gloves unavailable)
Will     .....                  (boots unavailable)
Stlth    ++........             (no amulet)
HPRegen  1.25/turn              (no ring)
MPRegen  0.12/turn              (no ring)

@: divinely protected
A: large, unfitting armour, claws 3, regeneration 1, shaggy fur 1, tough skin 1
a: Renounce Religion, Lesser Healing, Heal Other, Purification, Divine
Protection


You were on level 8 of the Dungeon.
You worshipped Elyvilon.
Elyvilon was most pleased with you.
You visited 2 branches of the dungeon, and saw 9 of its levels.
You also visited: Sewer.

You collected 249 gold pieces.

Inventory:

Missiles
 j - a curare-tipped dart (quivered) {!f}
 m - 20 poisoned darts
 F - 6 atropa-tipped darts
Armour
 a - a +1 robe (worn)
 x - a +0 kite shield (worn)
   (You found it on level 7 of the Dungeon)
Jewellery
 z - a ring of see invisible
   (You found it on level 1 of the Dungeon)
Wands
 t - a wand of flame (13)
   (You took it off Duvessa on level 7 of the Dungeon)
 u - a wand of paralysis (11)
   (You found it on level 4 of the Dungeon)
 v - a wand of digging (3)
Scrolls
 b - 3 scrolls of fog
 d - 2 scrolls of fear
 h - 2 scrolls of magic mapping
 i - a scroll of holy word {unknown}
 q - 2 scrolls of acquirement {unknown}
 r - a scroll of amnesia {unknown}
 w - 5 scrolls of identify {@r1}
 y - a scroll of noise {unknown}
 C - a scroll of torment {unknown}
 D - a scroll of silence {unknown}
Potions
 c - 2 potions of lignification {!q}
 e - a potion of haste {@q3}
 f - a potion of mutation {unknown}
 g - a potion of brilliance {unknown}
 k - 5 potions of flight
 l - 2 potions of heal wounds {@q2}
 n - a potion of attraction {unknown}
 o - a potion of cancellation {unknown}
 p - 3 potions of curing {@q1}
 s - 2 potions of resistance
 A - a potion of ambrosia {unknown}
 B - a potion of degeneration {unknown}
 E - a potion of magic {unknown}


   Skills:
 * Level 6.9 Fighting
 + Level 4.2 Throwing
 + Level 4.7 Dodging
 - Level 2.7 Stealth
 + Level 2.8 Shields
 * Level 8.0 Unarmed Combat
 + Level 4.0 Invocations


You had 8 spell levels left.
You didn't know any spells.
Your spell library contained the following spells:

 Spells                   Type           Power      Damage    Failure   Level
 Summon Small Mammal      Summ           0%         N/A       88%         1
 Call Imp                 Summ           0%         N/A       95%         2
 Poisonous Vapours        Pois/Air       0%         N/A       95%         2
 Call Canine Familiar     Summ           0%         N/A       99%         3
 Conjure Flame            Conj/Fire      0%         6-21      99%         3
 Mephitic Cloud           Conj/Pois/Air  0%         N/A       99%         3
 Summon Guardian Golem    Hex/Summ       0%         N/A       99%         3
 Summon Ice Beast         Ice/Summ       0%         N/A       100%        4
 Summon Lightning Spire   Summ/Air       0%         N/A       100%        4
 Freezing Cloud           Conj/Ice/Air   0%         6-21      100%        5


Dungeon Overview and Level Annotations

Branches:
Dungeon (8/15)             Temple (1/1) D:6            Lair (0/6) D:8
  Sewer (visited)

Altars:
Ashenzari
Cheibriados
Dithmenos
Elyvilon
Fedhas
Gozag
Hepliaklqana
Kikubaaqudgha
Makhleb
Nemelex Xobeh
Okawaru
Qazlal
Ru
Sif Muna
Trog
Uskayaw
Vehumet
Wu Jian
Xom
Yredelemnul
Zin
The Shining One

Shops:
D:5 (   D:6 *


Innate Abilities, Weirdness & Mutations

You are too large for most types of armour.
You have claws for hands.
Your natural rate of healing is unusually fast.
You are covered in fur. (AC +1)
You have tough skin. (AC +1)


Message History

No reachable target in view!
A wolf and an electric eel come into view.
The electric eel shoots out a bolt of lightning at you!
The bolt of electricity hits you.
The wolf howls!
You hear a bark! 2 hounds and a troll come into view.
The troll shouts!
You hear a bark!
A hound comes into view.
The electric eel shoots out a bolt of lightning at you!
The bolt of electricity hits you!
The hound moves out of view.
Found a staircase to the Lair.
Unknown command.
A hound comes into view.
The electric eel shoots out a bolt of lightning at you!
The bolt of electricity hits you! x2
Unknown command.
The hound barks!
You claw the electric eel!
An electric eel comes into view. x2
The electric eel shoots out a bolt of lightning at you!
The bolt of electricity hits you!
* * * LOW HITPOINT WARNING * * *
The bolt of electricity hits you.
* * * LOW HITPOINT WARNING * * *
You scratch the electric eel.
A hound comes into view.
The electric eel shoots out a bolt of lightning at you!
The bolt of electricity hits you!
* * * LOW HITPOINT WARNING * * *
The bolt of electricity hits you!
* * * LOW HITPOINT WARNING * * *
The electric eel shoots out a bolt of lightning at you!
The bolt of electricity hits you!
* * * LOW HITPOINT WARNING * * *
Unknown command.
You beseech Elyvilon to protect your life.
The electric eel shoots out a bolt of lightning at you!
The bolt of electricity hits you!
* * * LOW HITPOINT WARNING * * *
The electric eel shoots out a bolt of lightning at you!
The bolt of electricity hits the electric eel.
The electric eel completely resists.
The bolt of electricity hits you!
You can no longer call upon Elyvilon for divine vigour.
Elyvilon protects you from harm!
The electric eel shoots out a bolt of lightning at you!
The bolt of electricity hits you! Elyvilon protects you from harm!
The electric eel shoots out a bolt of lightning at you!
The bolt of electricity hits you!
You die...

#..........
#...≈..≈≈.≈ ###
#...≈≈≈≈≈.≈ ...
#...≈≈≈≈≈.≈ #.#
##....≈≈≈≈.≈ +..##
#.T.≈..≈≈≈.≈
#....####....≈≈≈≈≈.;
#..<##.....≈≈≈≈≈..
###....@..≈≈≈≈≈h.;
##.....≈;≈≈≈h...
#.....≈≈≈≈≈h...
#......≈≈≈≈≈h.>h
#......≈≈≈≈h;...
#.......≈≈≈≈≈.≈.≈
######..≈≈≈h≈≈≈≈≈
#....≈≈≈≈≈≈


You could see a troll, a wolf, 4 hounds and 2 electric eels.

Vanquished Creatures
  Pikel (D:6)
  Joseph (D:7)
  Grinder (D:4)
  Sigmund (D:2)
  A steam dragon (D:7)
  Menkaure (D:7)
  3 water moccasins
  An orc warrior (D:4)
  Duvessa (D:7)
  An ice beast (D:7)
  A necrophage (D:6)
  A black bear (D:6)
  3 ogres
  A lemure (D:6)
  2 phantoms
  2 kobold brigands
  A wyvern zombie (D:7)
  3 scorpions
  Dowan (D:7)
  A water moccasin zombie (D:6)
  A howler monkey (D:7)
  2 orc priests
  A centaur skeleton (D:7)
  A hound (D:6)
  A jelly (D:5)
  3 bullfrog skeletons
  Jessica (D:2)
  4 iguanas
  7 orc wizards
  A river rat (Sewer)
  8 adders
  A white imp (D:5)
  4 worms
  2 dart slugs
  22 orcs
  3 endoplasms
  3 giant cockroaches
  5 goblins
  9 hobgoblins
  6 jackals
  2 quokkas
  3 ball pythons
  7 bats
  3 frilled lizards
  16 kobolds
  10 rats
154 creatures vanquished.

Notes
Turn   | Place    | Note
-------+----------+-------------------------------------------
     0 | D:5      | Brandom the Troll Delver began the quest for the Orb.
     0 | D:5      | Reached XP level 1. HP: 22/22 MP: 0/0
    11 | D:5      | Noticed an orc priest
    34 | D:4      | Noticed Grinder
    36 | D:4      | Paralysed by Grinder for 5 turns
    72 | D:4      | Reached XP level 2. HP: 28/29 MP: 1/1
   226 | D:3      | Found a glowing drain.
   243 | Sewer    | Entered a sewer
   266 | Sewer    | Reached XP level 3. HP: 32/36 MP: 2/2
   320 | Sewer    | Noticed a kobold brigand
   362 | Sewer    | Killed a kobold brigand
   363 | Sewer    | Reached skill level 3 in Unarmed Combat
   363 | Sewer    | Reached XP level 4. HP: 26/45 MP: 3/3
   673 | Sewer    | Found a white marble altar of Elyvilon.
   746 | Sewer    | Became a worshipper of Elyvilon the Healer
  1153 | D:2      | Reached * piety under Elyvilon
  1243 | D:1      | Reached XP level 5. HP: 53/53 MP: 4/4
  1501 | D:1      | Reached ** piety under Elyvilon
  2206 | D:2      | Noticed Jessica
  2215 | D:2      | Killed Jessica
  2237 | D:2      | Found a faded altar of an unknown god.
  2379 | D:2      | Noticed Sigmund
  2390 | D:2      | Killed Sigmund
  2391 | D:2      | Reached skill level 1 in Throwing
  2391 | D:2      | Reached skill level 4 in Unarmed Combat
  2391 | D:2      | Reached XP level 6. HP: 33/62 MP: 5/5
  3294 | D:4      | Paralysed by Grinder for 4 turns
  3310 | D:4      | Killed Grinder
  3311 | D:4      | Reached skill level 5 in Unarmed Combat
  3311 | D:4      | Reached XP level 7. HP: 32/71 MP: 6/6
  3461 | D:4      | Found a bloodstained altar of Trog.
  3461 | D:4      | Found a faded altar of an unknown god.
  3478 | D:4      | HP: 3/69 [orc warrior (17)]
  3485 | D:4      | Found a basalt altar of Yredelemnul.
  3574 | D:4      | Found a sacrificial altar of Ru.
  3617 | D:4      | Reached *** piety under Elyvilon
  3751 | D:4      | Reached skill level 1 in Invocations
  3757 | D:4      | You fall into a shaft and drop 3 floors!
  3941 | D:7      | Reached skill level 5 in Fighting
  4013 | D:7      | Reached XP level 8. HP: 59/80 MP: 8/8
  4043 | D:7      | Noticed Menkaure
  4052 | D:7      | Killed Menkaure
  4106 | D:7      | Reached skill level 6 in Unarmed Combat
  4280 | D:6      | Found Zin's Purification Station.
  4281 | D:6      | Noticed Pikel
  4301 | D:6      | Killed Pikel
  4302 | D:6      | Reached skill level 1 in Shields
  4304 | D:6      | Found a glowing silver altar of Zin.
  4322 | D:6      | Found a staircase to the Ecumenical Temple.
  4331 | D:6      | Reached XP level 9. HP: 88/89 MP: 10/10
  4350 | Temple   | Entered the Ecumenical Temple
  4562 | D:4      | Found a burning altar of Makhleb.
  4564 | D:4      | Found a faded altar of an unknown god.
  4950 | D:4      | Reached skill level 7 in Unarmed Combat
  5105 | D:4      | Found a sacrificial altar of Ru.
  5307 | D:4      | Found a bloodstained altar of Trog.
  5307 | D:4      | Found a faded altar of an unknown god.
  5314 | D:4      | Found a basalt altar of Yredelemnul.
  5316 | D:4      | Found a burning altar of Makhleb.
  5318 | D:4      | Found a faded altar of an unknown god.
  5694 | D:4      | Found a sacrificial altar of Ru.
  5905 | D:4      | Found a bloodstained altar of Trog.
  5905 | D:4      | Found a faded altar of an unknown god.
  5912 | D:4      | Found a basalt altar of Yredelemnul.
  5914 | D:4      | Found a burning altar of Makhleb.
  5916 | D:4      | Found a faded altar of an unknown god.
  6195 | D:5      | Reached **** piety under Elyvilon
  6323 | D:5      | Found Tiluicuc's Antique Weapon Emporium.
  6619 | D:6      | Found an ancient bone altar of Kikubaaqudgha.
  6768 | D:6      | Found a blossoming altar of Fedhas.
  7209 | D:7      | Noticed Joseph
  7220 | D:7      | Killed Joseph
  7290 | D:7      | Noticed Duvessa
  7295 | D:7      | Killed Duvessa
  7296 | D:7      | Noticed Dowan
  7306 | D:7      | Killed Dowan
  7389 | D:7      | Found an ornate altar of the Wu Jian Council.
  7390 | D:7      | Reached ***** piety under Elyvilon
  7391 | D:7      | Found an iron altar of Okawaru.
  7528 | D:7      | Reached skill level 8 in Unarmed Combat
  7748 | D:8      | Found a staircase to the Lair.
  7748 | D:8      | Noticed a troll
  7754 | D:8      | Elyvilon protects you from harm!
  7754 | D:8      | Elyvilon protects you from harm!
  7755 | D:8      | Killed from afar by an electric eel

Illustrated notes

Levels and vault maps discovered:
D:1:      ncdulo_halloftheorcs, layout_loops_cross, st_stairs_5,
          grunt_decor_cap, kennysheep_pointless_box, roderic_lattice_a
D:2:      layout_loops_ring, basic_ecumenical_altar, uniq_jessica, uniq_sigmund
D:3:      layout_basic, portal_sewer_entry_d
D:4:      layout_loops_ring, hangedman_ru_absence,
          chequers_temple_overflow_minitemple, kennysheep_generic_room_15,
          uniq_grinder
D:5:      layout_cave_pools, serial_shops, nicolae_lakefront_shop,
          columned_hall_lemuel
D:6:      layout_loops_ring, kiku_gazebo_garden_becter, fedhas_altar_4,
          zin_purify, minmay_temple_entry_drinking_statues, minivault_24,
          kennysheep_generic_room_7, uniq_pikel
D:7:      layout_basic, nicolae_overflow_hidden_temple, uniq_menkaure,
          uniq_duvessa, uniq_joseph
D:8:      layout_cave_pods, erik_lair_island, serial_shops,
          nicolae_shop_overgrown_old_shop, shop_statue,
          nicolae_shop_behind_doors, shop_fountains, nicolae_take_the_stairs,
          chequers_jeans
Temple:   nicolae_temple_god_jail

Skill      XL: |  1  2  3  4  5  6  7  8  9 |
---------------+----------------------------+-----
Fighting       | 3 4 5 6 |  6.9
Dodging        | 2 3 4 |  4.7
Unarmed Combat | 3 4 5 6 8 |  8.0
Throwing       | 1 2 3 4 |  4.2
Invocations    | 1 2 4 |  4.0
Shields        | 1 2 |  2.8
Stealth        | |  2.7

Action                   |  1- 3 |  4- 6 |  7- 9 || total
-------------------------+-------+-------+-------++-------
Melee: Unarmed           |    40 |   147 |   294 ||   481
       Punch             |     1 |     3 |     4 ||     8
Throw: Dart              |       |       |     4 ||     4
Invok: Lesser Healing    |       |     1 |       ||     1
       Divine Protection |       |       |     1 ||     1
  Use: Scroll            |     1 |     6 |     1 ||     8
       Potion            |       |       |     2 ||     2
 Stab: Sleeping          |     3 |    13 |     6 ||    22
       Distracted        |       |     2 |       ||     2
       Invisible         |       |       |     1 ||     1
Armor: Robe              |    12 |    51 |    62 ||   125
Dodge: Dodged            |    19 |    61 |   105 ||   185
Block: Kite shield       |       |       |    58 ||    58

Table legend: (Time is in decaauts)
 A = Elapsed time spent in this place.
 B = Non-inter-level travel time spent in this place.
 C = Inter-level travel time spent in this place.
 D = Time resting spent in this place.
 E = Time spent auto-exploring this place.
 F = Levels seen in this place.
 G = Mean time per level.
                   A        B        C        D        E       F      G
               +--------+--------+--------+--------+--------+-----+--------+
         Total |   7877 |   7605 |    272 |    539 |   5580 |  10 |  787.7 |
       Dungeon |   7168 |   6896 |    272 |    325 |   5400 |   8 |  896.0 |
        Temple |     54 |     54 |      0 |      0 |     39 |   1 |   54.0 |
         Sewer |    654 |    654 |      0 |    214 |    141 |   1 |  654.0 |
               +--------+--------+--------+--------+--------+-----+--------+

Top non-repeatable levels by time:
     D:4: 2298 daAuts
     D:7: 1037 daAuts
     D:3: 1012 daAuts
     D:1: 824 daAuts
     D:6: 749 daAuts
   Sewer: 654 daAuts
     D:2: 632 daAuts
     D:5: 599 daAuts
  Temple: 54 daAuts
     D:8: 14 daAuts
